 Dungeon Crawl Stone Soup version 0.23.2-1-ga50397a6bc (webtiles) character file.

Game seed: 4763845980377340179

196003 Morbidden the Warrior (level 18, -6/128 HPs)
             Began as a Gargoyle Fighter on Apr 24, 2019.
             Was the Champion of Okawaru.
             Killed from afar by a deep elf knight (13 damage)
             ... with a shard of ice
             ... led by an ironheart preserver
             ... on level 1 of the Vaults.
             The game lasted 01:45:31 (33560 turns).

Morbidden the Warrior (Gargoyle Fighter)           Turns: 33560, Time: 01:45:31

Health: -6/128     AC: 20    Str: 23    XL:     18   Next: 36%
Magic:  0/53       EV: 16    Int: 19    God:    Okawaru [******]
Gold:   3318       SH: 18    Dex:  9    Spells: 22/35 levels left

rFire    + . .     SeeInvis .   Q - +5 demon whip (elec)
rCold    + + +     Gourm    .   X - +2 shield of Resistance {rF+ rC+ MR+}
rNeg     + . .     Faith    .   q - +3 storm dragon scales {Bai Suzhen}
rPois    ∞         Spirit   +   h - +3 hat of Pondering {ponderous, MR+ MP+10 Int+5}
rElec    +         Reflect  .   a - scarf {Spirit}
rCorr    .         Harm     .   M - +2 pair of gloves of Makhleb's Favour {rC+ MP+9}
MR       ++++.                  t - +1 pair of boots {Stlth+}
Stlth    +.........             U - amulet of magic regeneration
HPRegen  0.31/turn              P - +3 ring of evasion
MPRegen  0.58/turn              s - +3 ring of slaying

@: heroism, finesse, corroded, flying, slow
A: big wings, blink, cold resistance 1, high mp 1, magic resistance 1, negative
energy resistance 1, electricity resistance, unbreathing, petrification
resistance, rot immunity, AC +13
}: 1/15 runes: decaying
a: Stop Flying, Blink, Heroism, Finesse, Renounce Religion


You were on level 1 of the Vaults.
You worshipped Okawaru.
Okawaru was exalted by your worship.
You were very hungry.

You visited 6 branches of the dungeon, and saw 29 of its levels.
You also visited: Bailey, Gauntlet and Ice Cave.

You collected 3811 gold pieces.
You spent 493 gold pieces at shops.

Inventory:

Hand Weapons
 Q - a +5 demon whip of electrocution (weapon)
 T - a +0 morningstar
Missiles
 g - 4 throwing nets (quivered)
 Z - 23 javelins
Armour
 a - a scarf of spirit shield (worn)
 h - the +3 hat of Pondering (worn) {ponderous, MR+ MP+10 Int+5}
   (You took it off Gastronok on level 1 of the Orcish Mines)

   It affects your intelligence (+5).
   It affects your resistance to hostile enchantments.
   It affects your magic capacity (+10).
 q - +3 storm dragon scales (worn) {Bai Suzhen}
 t - a +1 pair of boots of stealth (worn)
 M - the +2 pair of gloves of Makhleb's Favour (worn) {rC+ MP+9}
   (You found it on level 6 of the Lair of Beasts)

   It protects you from cold.
   It affects your magic capacity (+9).
 X - the +2 shield of Resistance (worn) {rF+ rC+ MR+}
   (You bought it in a shop on level 2 of the Orcish Mines)

   It protects you from fire.
   It protects you from cold.
   It affects your resistance to hostile enchantments.
Jewellery
 i - the ring "Ruokoenk" {rC++ Dex+4 Stlth-}
   (You found it on level 14 of the Dungeon)

   [ring of attention]

   It affects your dexterity (+4).
   It greatly protects you from cold.
   It makes you less stealthy.
 s - a +3 ring of slaying (right hand)
 C - an uncursed ring of fire
 J - an uncursed ring of protection from cold
 O - an uncursed ring of protection from fire
 P - a +3 ring of evasion (left hand)
 U - an amulet of magic regeneration (around neck)
Wands
 k - a wand of acid (5)
 l - a wand of disintegration (19)
 w - a wand of iceblast (21)
 E - a wand of paralysis (24)
 H - a wand of scattershot (5)
 I - a wand of flame (57)
Scrolls
 b - 13 scrolls of teleportation
 d - 6 scrolls of amnesia
 n - 4 scrolls of blinking
 p - a scroll of identify
 u - 11 scrolls of remove curse
 v - 2 scrolls of magic mapping
 x - 2 scrolls of immolation
 y - 4 scrolls of enchant armour
 D - 4 scrolls of fog
 F - a scroll of brand weapon
 V - 3 scrolls of summoning
Potions
 c - 6 potions of brilliance
 j - 4 potions of agility
 m - 2 potions of magic
 o - 3 potions of resistance
 r - 11 potions of flight
 z - 7 potions of haste
 A - 4 potions of might
 B - 6 potions of mutation
 G - a potion of invisibility
 L - a potion of heal wounds
 N - 3 potions of curing
 R - a potion of berserk rage
 W - a potion of cancellation
Miscellaneous
 e - 2 phantom mirrors
 K - a box of beasts
Comestibles
 f - 42 rations


   Skills:
 + Level 19.2(24.2) Fighting
 - Level 13.5(18.5) Maces & Flails
 + Level 12.4(17.4) Armour
 + Level 5.2(10.2) Dodging
 + Level 3.3(8.3) Stealth
 - Level 15.0(20.0) Shields
 * Level 9.0 Spellcasting
 * Level 6.6 Conjurations
 * Level 5.6 Earth Magic
 - Level 8.0 Invocations
 + Level 0.3 Evocations


You had 22 spell levels left.
You knew the following spells:

 Your Spells              Type           Power        Failure   Level  Hunger
a - Orb of Destruction    Conj           ####......   100%        7    #######
b - Iron Shot             Conj/Erth      ####......   99%         6    ######.

Your spell library contained the following spells:

 Spells                   Type           Power        Failure   Level  Hunger
 Magic Dart               Conj           ####         2%          1    None
 Shock                    Conj/Air       ###.         9%          1    None
 Passwall                 Tmut/Erth      ###.....     16%         2    None
 Conjure Flame            Conj/Fire      ###.....     26%         3    None
 Dazzling Spray           Conj/Hex       ###...       26%         3    None
 Static Discharge         Conj/Air       ###.....     26%         3    None
 Beastly Appendage        Tmut           #.....       32%         1    None
 Corona                   Hex            #......      32%         1    None
 Mephitic Cloud           Conj/Pois/Air  ###.....     36%         3    None
 Blink                    Tloc           N/A          43%         2    None
 Call Imp                 Summ           #.......     43%         2    None
 Ensorcelled Hibernation  Hex/Ice        #.....       43%         2    None
 Slow                     Hex            #.......     43%         2    None
 Sticks to Snakes         Tmut           #.......     43%         2    None
 Swiftness                Chrm/Air       #.......     43%         2    None
 Lee's Rapid Deconstruct  Erth           ####......   65%         5    #####..
 Confuse                  Hex            #.......     67%         3    None
 Portal Projectile        Hex/Tloc       #.....       67%         3    None
 Spider Form              Tmut/Pois      #.........   67%         3    None
 Tukima's Dance           Hex            #.......     67%         3    None
 Leda's Liquefaction      Hex/Erth       ###.......   71%         4    ###....
 Petrify                  Tmut/Erth      ###.....     71%         4    ###....
 Bolt of Magma            Conj/Fire/Erth ###.......   86%         5    #####..
 Iskenderun's Battlesphe  Conj/Chrm      ###.....     93%         5    #####..
 Lightning Bolt           Conj/Air       ###.......   93%         5    #####..
 Venom Bolt               Conj/Pois      ###.......   93%         5    #####..
 Airstrike                Air            #.........   97%         4    ###....
 Cause Fear               Hex            #.........   97%         4    ###....
 Ice Form                 Ice/Tmut       #.......     97%         4    ###....
 Blade Hands              Tmut           #.........   100%        5    #####..
 Silence                  Hex/Air        #.........   100%        5    #####..
 Yara's Violent Unravell  Hex/Tmut       #.........   100%        5    #####..
 Deflect Missiles         Chrm/Air       #.........   100%        6    ######.
 Dragon Form              Tmut           #.........   100%        7    #######
 Spellforged Servitor     Conj/Summ      ###.......   100%        7    #######
 Discord                  Hex            #.........   100%        8    #######
 Ignition                 Fire           #.........   100%        8    #######
 Shatter                  Erth           ####......   100%        9    #######
 Tornado                  Air            #.........   100%        9    #######
 Statue Form              Tmut/Erth      Unusable     N/A         6    N/A

Dungeon Overview and Level Annotations

Branches:
Dungeon (15/15)            Temple (1/1) D:7            Lair (6/6) D:8
  Swamp (4/4) Lair:3       Spider (0/4) Lair:3        Slime (0/5) Lair:5
    Orc (2/2) D:12            Elf (0/3) Orc:2        Vaults (1/5) D:14
 Depths (0/5) D:15

Altars:
Ashenzari
Cheibriados
Dithmenos
Elyvilon
Fedhas
Gozag
Hepliaklqana
Kikubaaqudgha
Makhleb
Nemelex Xobeh
Okawaru
Qazlal
Ru
Sif Muna
Trog
Uskayaw
Vehumet
Wu Jian
Xom
Yredelemnul
Zin
The Shining One
Beogh
Jiyva

Shops:
Orc:2 *[:([

Annotations:
D:5 1 runed translucent door, DasRunzen's ghost, amateur DsFi
D:8 3 runed translucent doors
D:9 stonage's ghost, journeyman FoFi
Lair:2 1 runed translucent door, Zeef's ghost, journeyman MfGl
Vaults:1 Donald


Innate Abilities, Weirdness & Mutations

You are resistant to torment.
Your stone body is resilient. (AC +13)
You are immune to poison.
Your large and strong wings let you fly indefinitely.
You resist negative energy. (rN+)
You are resistant to electric shocks. (rElec)
You can survive without breathing.
You are immune to petrification.
You are immune to rotting.
You can translocate small distances at will.
Your flesh is cold resistant. (rC+)
You have an increased reservoir of magic. (+10% MP)
You are resistant to hostile enchantments. (MR+)


Message History

Unknown command.
You thrash the harpy!! Lightning courses through the harpy!
You kill the harpy!
Okawaru accepts your kill.
Unknown command.
Unknown command.
The vault sentinel blows a loud note on a signal horn!
Something hits you!!
* * * LOW HITPOINT WARNING * * *
The yaktaur captain wields a +0 arbalest.
The yaktaur captain shoots a bolt.
The bolt hits you!!
* * * LOW HITPOINT WARNING * * *
Items here: ( )) [[ ††† Unknown command.
Unknown command.
Something is blocking the doorway!
You hear some strange, mumbled words.
A shard of ice appears from out of thin air!
The shard of ice hits you! You partially resist.
You die...

#..................
######..................
....((..))).............
......(((/).†...........
.)...(...)).............
.[).....................
##+#############'######
..........# #...).#
..........# #.).@.#
..........# ###)###
..........# #pc@
..........# #.O..
..........# #.e..#
##'######## #..... ....#
#.%.... ....# ########
....#


You could see a yaktaur captain, a vault sentinel, a deep elf archer and an
ogre.

Vanquished Creatures
  Bai Suzhen (Swamp:4)
  Saint Roka (Orc:2)
  A tentacled monstrosity (Swamp:4)
  A sphinx (D:14)
  3 thorn hunters
  Gastronok (Orc:1)
  Roxanne (Swamp:3)
  2 azure jellies (Swamp:4)
  A frost giant (IceCv)
  A vault warden (Vaults:1)
  3 ironheart preservers
  An entropy weaver (Vaults:1)
  An entropy weaver (shapeshifter) (Vaults:1)
  The ghost of PgLoLo the Summoner, a journeyman GnSu of Cheibriados (D:13)
  A minotaur (Gauntlet)
  A yaktaur captain (Vaults:1)
  2 ice dragons (Swamp:4)
  9 hydras
  3 shambling mangroves
  2 catoblepae
  5 ghost crabs
  5 centaur warriors
  8 two-headed ogres
  An ogre mage (Vaults:1)
  A deep troll shaman (Vaults:1)
  17 death yaks
  12 alligators
  A deep troll earth mage (Vaults:1)
  An orc high priest (Orc:2)
  A death scarab (Gauntlet)
  2 skeletal warriors (D:15)
  2 deep elf knights (Vaults:1)
  A spectral death yak (Gauntlet)
  2 unseen horrors
  A spark wasp zombie (D:15)
  An unseen horror (shapeshifter) (D:14)
  A glowing orange brain (Vaults:1)
  6 spriggan druids
  3 deep trolls
  A swamp dragon (Swamp:2)
  A deep elf archer (Vaults:1)
  An obsidian statue (D:10)
  2 harpies (Vaults:1)
  A phantasmal warrior (D:15)
  An ironbrand convoker (Vaults:1)
  8 orc knights
  2 necromancers
  4 deep elf magi
  An orb spider (Lair:3)
  An orb spider (shapeshifter) (D:15)
  2 manticores
  3 orc sorcerers (Orc:2)
  A wolf spider (Vaults:1)
  A stone giant zombie (D:15)
  9 ugly things
  An oklob plant (Swamp:3)
  6 cyclopes
  8 elephants (Lair:6)
  A vault sentinel (Vaults:1)
  3 apocalypse crabs (Swamp:3)
  A black mamba (Lair:6)
  3 torpor snails
  2 ice statues (IceCv)
  A gargoyle (Gauntlet)
  3 rime drakes
  15 spiny frogs
  7 kobold demonologists
  A spriggan zombie (D:15)
  8 komodo dragons
  A minotaur zombie (Gauntlet)
  4 freezing wraiths (Swamp:4)
  6 yaktaurs (Vaults:1)
  A queen bee (D:11)
  A tengu conjurer (D:15)
  22 polar bears
  7 trolls
  16 hornets
  6 bog bodies
  4 blink frogs (Lair:6)
  24 slime creatures
  8 tyrant leeches
  A deep troll zombie (D:15)
  4 raiju (Lair:6)
  4 dream sheep (Lair:6)
  16 hippogriffs
  Sigmund (D:2)
  A wyvern (Lair:5)
  4 spriggans
  4 shadows
  A human (D:9)
  4 basilisks
  63 yaks
  A hungry ghost (D:14)
  4 fire bats (Lair:2)
  4 swamp worm simulacra (Swamp:4)
  2 vampire mosquitoes (D:13)
  12 wargs
  15 insubstantial wisps (Swamp:4)
  14 swamp worms
  An acid dragon (D:14)
  11 hell hounds (Lair:6)
  12 water moccasins
  3 porcupines
  6 swamp drakes
  14 hydra simulacra (Swamp:4)
  A black bear (shapeshifter) (D:15)
  11 ice beasts
  5 sky beasts
  An eye of draining (D:12)
  44 orc warriors
  12 black bears
  4 phantoms
  29 wolves
  A necrophage (D:8)
  17 ogres
  7 centaurs
  13 crocodiles
  7 big kobolds
  17 bullfrogs
  A gnoll sergeant (D:9)
  2 wyvern skeletons
  5 scorpions
  36 killer bees
  8 wights
  2 vampire bats (D:4)
  7 howler monkeys
  5 crimson imps
  8 centaur zombies
  7 electric eels
  A lava snake (Lair:2)
  4 quasits
  7 hounds
  26 orc priests
  4 bullfrog skeletons
  3 jellies
  A bullfrog zombie (D:12)
  8 centaur skeletons
  8 iguanas
  Terence (D:2)
  33 orc wizards
  Ijyb (D:5)
  11 worker ants
  8 hell rats
  2 killer bee zombies
  2 human simulacra (D:9)
  Robin (D:2)
  2 worker ant zombies
  6 gnolls (D:9)
  A howler monkey skeleton (D:10)
  15 adders
  2 shadow imps
  2 oozes (D:1)
  4 swamp drake simulacra (Swamp:4)
  2 adder zombies
  2 adder skeletons (D:5)
  3 worms
  3 dart slugs
  5 leopard geckos
  109 orcs
  3 bat skeletons (D:4)
  A bat zombie (D:4)
  6 giant cockroaches
  18 goblins
  5 hobgoblins
  6 jackals
  12 kobolds
  8 quokkas
  8 bats
  4 frilled lizards
  A giant cockroach zombie (D:5)
  A leopard gecko skeleton (D:4)
  12 rats
  A briar patch (Swamp:4)
1122 creatures vanquished.

Vanquished Creatures (others)
  A spriggan druid (Swamp:3)
  A quokka (D:8)
  A briar patch (Swamp:4)
  12 fungi
  19 plants
34 creatures vanquished.

Grand Total: 1156 creatures vanquished

Notes
Turn   | Place    | Note
-------+----------+-------------------------------------------
     0 | D:1      | Morbidden the Gargoyle Fighter began the quest for the Orb.
     0 | D:1      | Reached XP level 1. HP: 14/14 MP: 1/1
   155 | D:1      | Reached XP level 2. HP: 15/19 MP: 2/2
   297 | D:1      | Reached XP level 3. HP: 24/24 MP: 3/3
   808 | D:2      | Noticed Sigmund
   948 | D:2      | Reached skill level 4 in Fighting
   948 | D:2      | Reached XP level 4. HP: 29/29 MP: 4/4
  1008 | D:2      | Noticed Robin
  1023 | D:2      | Reached XP level 5. HP: 24/33 MP: 5/5
  1039 | D:2      | Killed Robin
  1078 | D:2      | Killed Sigmund
  1078 | D:2      | Reached skill level 1 in Dodging
  1078 | D:2      | Reached XP level 6. HP: 20/39 MP: 6/6
  1389 | D:2      | Noticed Terence
  1397 | D:2      | Killed Terence
  1397 | D:2      | Reached skill level 5 in Maces & Flails
  1413 | D:2      | Found a shadowy altar of Dithmenos.
  2051 | D:3      | Found a stormy altar of Qazlal.
  2054 | D:3      | Noticed a water elemental
  2054 | D:3      | Noticed a fire elemental
  2054 | D:3      | Noticed an air elemental
  2592 | D:3      | Found a stormy altar of Qazlal.
  3174 | D:4      | Reached XP level 7. HP: 43/44 MP: 7/7
  3272 | D:4      | Reached skill level 1 in Stealth
  3721 | D:4      | Found a hazy altar of Hepliaklqana.
  3755 | D:4      | Found a sparkling altar of Nemelex Xobeh.
  3959 | D:4      | Found an ancient bone altar of Kikubaaqudgha.
  4185 | D:5      | Entered Level 5 of the Dungeon
  4231 | D:5      | Reached skill level 5 in Fighting
  4262 | D:5      | Noticed Ijyb
  4265 | D:5      | Noticed a hippogriff
  4310 | D:5      | Reached XP level 8. HP: 44/49 MP: 8/8
  4323 | D:5      | Killed a hippogriff
  4342 | D:5      | Killed Ijyb
  4343 | D:5      | Reached skill level 5 in Shields
  4346 | D:5      | Gained mutation: Your flesh is cold resistant. (rC+)
                  | [potion of mutation]
  4346 | D:5      | Gained mutation: You can translocate small distances at
                  | will. [potion of mutation]
  4346 | D:5      | Gained mutation: You have an increased reservoir of magic.
                  | (+10% MP) [potion of mutation]
  4346 | D:5      | Gained mutation: You are resistant to hostile enchantments.
                  | (MR+) [potion of mutation]
  4855 | D:5      | Found a shimmering altar of Xom.
  5016 | D:5      | Found a runed translucent door.
  5017 | D:5      | Noticed DasRunzen's ghost (amateur DsFi)
  5229 | D:5      | Found an opulent altar of Gozag.
  5264 | D:6      | Noticed a deep elf mage
  5276 | D:6      | Killed a deep elf mage
  5276 | D:6      | Reached skill level 6 in Fighting
  5276 | D:6      | Reached XP level 9. HP: 21/55 MP: 9/9
  5836 | D:6      | Got a creamy pearl robe
  5847 | D:6      | Identified the +1 robe of the Manifold Dreams {rCorr} (You
                  | found it on level 6 of the Dungeon)
  6193 | D:6      | Found a deep blue altar of Sif Muna.
  6469 | D:6      | Reached skill level 5 in Armour
  6686 | D:7      | Found a snail-covered altar of Cheibriados.
  6905 | D:7      | Found a staircase to the Ecumenical Temple.
  6917 | Temple   | Entered the Ecumenical Temple
  6998 | Temple   | Became a worshipper of Warmaster Okawaru
  7201 | D:7      | Reached skill level 10 in Maces & Flails
  8103 | D:8      | Noticed a two-headed ogre
  8178 | D:7      | Reached skill level 1 in Invocations
  8178 | D:7      | Reached XP level 10. HP: 24/61 MP: 11/11
  8518 | D:8      | Reached skill level 7 in Fighting
  8550 | D:8      | Killed a two-headed ogre
  8550 | D:8      | Reached * piety under Okawaru
  8636 | D:8      | You fall through a shaft!
  8717 | D:9      | Noticed a two-headed ogre
  8731 | D:9      | Killed a two-headed ogre
  8890 | D:9      | Reached ** piety under Okawaru
  9198 | D:9      | Noticed stonage's ghost (journeyman FoFi)
  9199 | D:9      | Found a runed translucent gate.
  9200 | D:9      | Found a runed translucent gate.
  9201 | D:9      | Found a runed translucent gate.
  9202 | D:9      | Identified the +4 chain mail "Plog" {rC- Str+3 Dex+4 SInv}
  9203 | D:9      | Found a roughly hewn altar of Beogh.
  9216 | D:9      | Found a blossoming altar of Fedhas.
  9379 | D:9      | Reached *** piety under Okawaru
  9915 | D:8      | Found a staircase to the Lair.
  9977 | D:8      | Reached skill level 8 in Fighting
  9981 | D:8      | Reached XP level 11. HP: 63/68 MP: 15/15
 10041 | D:8      | Found a white marble altar of Elyvilon.
 10193 | D:8      | Found a runed translucent gate.
 10194 | D:8      | Found a runed translucent gate.
 10195 | D:8      | Found a runed translucent gate.
 10195 | D:8      | Noticed a red very ugly thing
 10196 | D:8      | Noticed a green ugly thing
 10196 | D:8      | Noticed a white ugly thing
 10197 | D:8      | Noticed a cyan ugly thing
 10197 | D:8      | Noticed a purple ugly thing
 10198 | D:8      | Noticed a cyan ugly thing
 10254 | D:10     | Entered Level 10 of the Dungeon
 10331 | D:10     | Noticed a two-headed ogre
 10981 | D:10     | Noticed a two-headed ogre
 11024 | D:10     | Killed a two-headed ogre
 11024 | D:10     | Reached **** piety under Okawaru
 11350 | D:10     | Noticed an obsidian statue
 11351 | D:10     | Noticed a sixfirhy
 11495 | D:10     | Killed an obsidian statue
 11672 | D:10     | Killed a two-headed ogre
 12101 | D:9      | Reached ***** piety under Okawaru
 12538 | D:9      | Got a crude cloak
 12549 | D:9      | Identified the +0 cloak of Complete Protection {rPois} (You
                  | found it on level 9 of the Dungeon)
 12628 | Lair:1   | Entered Level 1 of the Lair of Beasts
 12832 | Lair:1   | Reached skill level 9 in Fighting
 13516 | Lair:2   | Received a gift from Okawaru
 13516 | Lair:2   | Reached skill level 10 in Shields
 13516 | Lair:2   | Reached XP level 12. HP: 64/76 MP: 17/17
 13900 | Lair:2   | Found a runed translucent door.
 13901 | Lair:2   | Found a shimmering altar of Xom.
 13901 | Lair:2   | Noticed Zeef's ghost (journeyman MfGl)
 13924 | Lair:2   | Reached skill level 5 in Invocations
 14309 | Lair:2   | Noticed a death yak
 14309 | Lair:2   | Noticed a death yak
 14310 | Lair:2   | Noticed a death yak
 14310 | Lair:2   | Noticed a death yak
 14311 | Lair:2   | Noticed a death yak
 14312 | Lair:2   | Noticed a death yak
 14541 | Lair:1   | Killed a death yak
 14869 | Lair:2   | Killed a death yak
 14879 | Lair:2   | Killed a death yak
 14879 | Lair:2   | Received a gift from Okawaru
 14882 | Lair:2   | Killed a death yak
 14882 | Lair:2   | Reached skill level 1 in Spellcasting
 14892 | Lair:2   | Killed a death yak
 14897 | Lair:2   | Killed a death yak
 15362 | Lair:3   | Found a staircase to the Swamp.
 15726 | Lair:3   | Reached skill level 10 in Fighting
 15754 | Lair:3   | Received a gift from Okawaru
 15930 | Lair:3   | Found a hole to the Spider Nest.
 15944 | Lair:3   | Reached XP level 13. HP: 82/82 MP: 19/19
 16521 | Lair:4   | Found a frozen archway.
 16567 | IceCv    | Entered an ice cave
 16623 | IceCv    | Reached ****** piety under Okawaru
 17312 | IceCv    | Noticed a frost giant
 17332 | IceCv    | Killed a frost giant
 17332 | IceCv    | Reached skill level 11 in Fighting
 18803 | Lair:5   | Found a viscous altar of Jiyva.
 18803 | Lair:5   | Found a staircase to the Slime Pits.
 18920 | Lair:5   | Received a gift from Okawaru
 18936 | Lair:5   | Gained mutation: Your large and strong wings let you fly
                  | indefinitely. [Gargoyle growth]
 18936 | Lair:5   | Reached XP level 14. HP: 87/91 MP: 14/22
 19014 | Lair:5   | Reached skill level 12 in Fighting
 19559 | Lair:6   | Entered Level 6 of the Lair of Beasts
 19731 | Lair:6   | Found a gate leading to a gauntlet.
 19742 | Gauntlet | Entered a Gauntlet
 19742 | Gauntlet | Found a transporter.
 19742 | Gauntlet | Found a transporter.
 19765 | Gauntlet | Found a transporter.
 19766 | Gauntlet | Found a transporter.
 19778 | Gauntlet | Found a transporter.
 19779 | Gauntlet | Found a transporter.
 19789 | Gauntlet | Found a transporter.
 19808 | Gauntlet | Found a transporter.
 19823 | Gauntlet | Found a transporter.
 19826 | Gauntlet | Found a transporter.
 19834 | Gauntlet | Found a transporter.
 19837 | Gauntlet | Found a transporter.
 20211 | Lair:6   | Received a gift from Okawaru
 20243 | Lair:6   | Got an ominously black robe {god gift}
 20248 | Lair:6   | Reached skill level 13 in Fighting
 20264 | Lair:6   | Identified the +1 robe of the World {rElec Str+4} (Okawaru
                  | gifted it to you on level 6 of the Lair of Beasts)
 20377 | Lair:6   | Reached skill level 5 in Spellcasting
 20637 | Lair:6   | Got a pair of distressingly furry gloves
 20648 | Lair:6   | Identified the +2 pair of gloves of Makhleb's Favour {rC+
                  | MP+9} (You found it on level 6 of the Lair of Beasts)
 20815 | Lair:6   | Reached XP level 15. HP: 98/99 MP: 25/25
 22519 | D:12     | Found a staircase to the Orcish Mines.
 22840 | D:12     | Reached skill level 14 in Fighting
 22840 | D:12     | Reached skill level 15 in Shields
 22861 | D:12     | Found a sacrificial altar of Ru.
 22970 | D:12     | Received a gift from Okawaru
 24165 | D:13     | Found a runed translucent gate.
 24165 | D:13     | Found a runed translucent gate.
 24165 | D:13     | Found a runed translucent gate.
 24170 | D:13     | Noticed PgLoLo's ghost (journeyman GnSu)
 24179 | D:13     | Identified the +8 dagger "Huiphaad" {chaos, *Noise Fragile
                  | rN+++ Dex+8}
 24181 | D:13     | Identified the +10 whip of Yesterday {drain, *Drain rF+
                  | Str+2}
 24235 | D:13     | Killed PgLoLo's ghost
 24370 | D:13     | Found a shimmering altar of Xom.
 24533 | D:14     | Found a flagged portal.
 24544 | Bailey   | Entered a bailey
 24734 | Bailey   | Got a twisted hand axe
 24910 | D:14     | Reached skill level 15 in Fighting
 24931 | D:14     | Found a gate to the Vaults.
 24960 | D:14     | Received a gift from Okawaru
 25032 | D:14     | Got a bound amber ring
 25034 | D:14     | Identified the ring "Ruokoenk" {rC++ Dex+4 Stlth-} (You
                  | found it on level 14 of the Dungeon)
 25185 | D:14     | Reached skill level 10 in Armour
 25333 | D:14     | Learned a level 7 spell: Orb of Destruction
 25442 | D:15     | Entered Level 15 of the Dungeon
 25786 | D:15     | Reached skill level 1 in Conjurations
 25985 | D:15     | Reached XP level 16. HP: 108/108 MP: 28/28
 26050 | D:15     | Found a staircase to the Depths.
 26168 | D:15     | Reached skill level 16 in Fighting
 26527 | Orc:1    | Entered Level 1 of the Orcish Mines
 26527 | Orc:1    | Noticed Gastronok
 26571 | Orc:1    | Killed Gastronok
 26925 | Orc:2    | Entered Level 2 of the Orcish Mines
 27038 | Orc:2    | Found Dimentat's Armour Shoppe.
 27066 | Orc:2    | Bought the +2 shield of Resistance {rF+ rC+ MR+} for 493
                  | gold pieces
 27066 | Orc:2    | Found the +2 shield of Resistance {rF+ rC+ MR+}
 27133 | Orc:2    | Noticed Saint Roka
 27190 | Orc:2    | Killed Saint Roka
 27190 | Orc:2    | Received a gift from Okawaru
 27230 | Orc:2    | Found a roughly hewn altar of Beogh.
 27405 | Orc:2    | Found Sisub's Antique Weapon Shop.
 27436 | Orc:2    | Found Mira's Book Shop.
 27636 | Orc:2    | Found Jomuipho's General Store.
 27763 | Orc:2    | Found a staircase to the Elven Halls.
 27866 | Orc:2    | Found Jikhits's Antique Armour Shop.
 28289 | Swamp:1  | Entered Level 1 of the Swamp
 28394 | Swamp:1  | Reached skill level 17 in Fighting
 29701 | Swamp:3  | Reached XP level 17. HP: 71/119 MP: 31/31
 29931 | Swamp:3  | Received a gift from Okawaru
 30135 | Swamp:3  | Reached skill level 18 in Fighting
 30207 | Swamp:3  | Identified Roxanne's Disquisition on the Rocks
 30207 | Swamp:3  | Noticed Roxanne
 30399 | Swamp:3  | Killed Roxanne
 30416 | Swamp:3  | Learned a level 6 spell: Iron Shot
 30861 | Swamp:3  | Found a runed translucent door.
 31080 | Swamp:3  | Received a gift from Okawaru
 31110 | Swamp:3  | Reached skill level 1 in Earth Magic
 31159 | Swamp:3  | Identified the Collected Works on Unstable Beguiling
 31264 | Swamp:4  | Entered Level 4 of the Swamp
 31264 | Swamp:4  | Noticed a tentacled monstrosity
 31293 | Swamp:4  | Killed a tentacled monstrosity
 31305 | Swamp:4  | Reached skill level 5 in Conjurations
 31379 | Swamp:4  | Noticed Bai Suzhen
 31417 | Swamp:4  | Killed Bai Suzhen
 31866 | Swamp:4  | Got a decaying rune of Zot
 32450 | Vaults:1 | Entered Level 1 of the Vaults
 32452 | Vaults:1 | Noticed a sphinx
 32484 | Vaults:1 | Received a gift from Okawaru
 32484 | Vaults:1 | Reached skill level 5 in Dodging
 32494 | Vaults:1 | Reached XP level 18. HP: 77/127 MP: 33/33
 32803 | Vaults:1 | Reached skill level 19 in Fighting
 33082 | Vaults:1 | Identified a scroll of acquirement
 33175 | Vaults:1 | Reached skill level 5 in Earth Magic
 33375 | Vaults:1 | Received a gift from Okawaru
 33531 | Vaults:1 | Noticed Donald
 33560 | Vaults:1 | Killed from afar by a deep elf knight

Skill      XL: |  1  2  3  4  5  6  7  8  9 10 11 12 13 14 15 16 17 18 |
---------------+-------------------------------------------------------+-----
Maces & Flails | 3 4 5 6 8 10 11 12 13 | 13.5
Fighting       | 4 5 6 8 9 10 11 13 15 17 18 19 | 19.2
Dodging        | 1 2 3 4 5 |  5.2
Shields        | 4 6 7 8 10 11 12 14 15 | 15.0
Armour         | 4 5 6 7 8 9 10 11 12 | 12.4
Stealth        | 1 2 3 |  3.3
Invocations    | 1 3 4 6 7 8 |  8.0
Spellcasting   | 2 4 5 6 7 8 9 |  9.0
Conjurations   | 1 3 5 6 |  6.6
Earth Magic    | 4 5 |  5.6
Evocations     | |  0.3

Action                   |  1- 3 |  4- 6 |  7- 9 | 10-12 | 13-15 | 16-18 || total
-------------------------+-------+-------+-------+-------+-------+-------++-------
Melee: Flail             |    93 |   249 |   685 |  1213 |       |       ||  2240
       Demon whip        |       |       |       |    14 |  1679 |  1458 ||  3151
Invok: Heroism           |       |       |       |     7 |     5 |     8 ||    20
       Finesse           |       |       |       |     1 |     5 |     6 ||    12
 Abil: Fly               |       |       |       |       |     1 |       ||     1
Evoke: Wand              |       |       |    11 |    27 |       |     1 ||    39
  Use: Scroll            |       |     2 |    10 |    11 |    10 |     6 ||    39
       Potion            |       |     1 |     8 |     3 |       |     1 ||    13
  Eat: Chunk             |       |     8 |    12 |    24 |    27 |     5 ||    76
       Ration            |       |       |     2 |     1 |     2 |     6 ||    11
Armor: Scale mail        |    66 |    16 |       |       |       |       ||    82
       Plate armour      |       |   172 |   464 |   371 |   121 |       ||  1128
       Skin              |       |       |     9 |       |       |       ||     9
       Chain mail        |       |       |       |   257 |   351 |   288 ||   896
       Storm dragon scal |       |       |       |       |       |   267 ||   267
Dodge: Dodged            |    32 |    31 |   161 |   448 |   588 |   416 ||  1676
Block: Shield            |    52 |   110 |   372 |   762 |   887 |   847 ||  3030
